 Dungeon Crawl Stone Soup version 0.26-a0-854-gdc81c2f471 (webtiles) character file.

Game seed: 7204488719546017614

52 iamoutofideas the Stinger (level 3, -1/21 HPs)
             Began as an Octopode Venom Mage on Nov 23, 2020.
             Slain by an adder (4 damage)
             ... on level 2 of the Dungeon.
             The game lasted 00:01:43 (1706 turns).

iamoutofideas the Stinger (Octopode Venom Mage)     Turns: 1706, Time: 00:01:44

Health: -1/21      AC:  1    Str:  7    XL:     3   Next: 85%
Magic:  0/6        EV: 13    Int: 18    God:
Gold:   66         SH:  0    Dex: 12    Spells: 5/6 levels left

rFire    . . .     SeeInvis .   g - +0 short sword
rCold    . . .     Faith    .   (no shield)
rNeg     . . .     Spirit   .   (helmet restricted)
rPois    .         Reflect  .   (no amulet)
rElec    .         Harm     .   (no ring)
rCorr    .         Rampage  .   (no ring)
MR       .....                  (no ring)
Stlth    +++.......             (no ring)
HPRegen  0.07/turn              (no ring)
MPRegen  0.10/turn              (no ring)
                                (no ring)
                                (no ring)

@: no status effects
A: almost no armour, stealthy swim, amphibious, 8 rings, constrict 8, camouflage
1, gelatinous body 1
a: no special abilities


You were on level 2 of the Dungeon.
You visited 1 branch of the dungeon, and saw 2 of its levels.

You collected 66 gold pieces.

Inventory:

Hand Weapons
 g - a +0 short sword (weapon)
Potions
 b - 2 potions of curing
 d - a potion of heal wounds {unknown}
 f - a potion of lignification {unknown}


   Skills:
 + Level 2.4 Dodging
 + Level 3.4 Stealth
 + Level 2.4 Spellcasting
 + Level 1.7 Transmutations
 + Level 4.1 Poison Magic


You had 5 spell levels left.
You knew the following spells:

 Your Spells              Type           Power        Failure   Level
a - Sting                 Tmut/Pois      ##..         5%          1

Your spell library contained the following spells:

 Spells                   Type           Power        Failure   Level
 Poisonous Vapours        Pois/Air       #.....       11%         2
 Ignite Poison            Fire/Tmut/Pois #.......     24%         3
 Mephitic Cloud           Conj/Pois/Air  #.......     28%         3
 Olgreb's Toxic Radiance  Pois           ###.....     30%         4


Dungeon Overview and Level Annotations

Branches:
Dungeon (2/15)

Altars:


Innate Abilities, Weirdness & Mutations

You cannot wear most types of armour.
You are very stealthy in the water. (Stealth+)
You are amphibious.
You can wear up to eight rings at the same time.
You can use your tentacles to constrict eight enemies at once.
Your skin changes colour to match your surroundings (Stealth+).
Your rubbery body absorbs attacks. (AC +1, EV +1)


Message History

Unknown command.
You are too injured to fight recklessly!
You are too injured to fight recklessly!
You are too injured to fight recklessly!
Casting: Sting (safe; 5% risk of failure)
Confirm with . or Enter, or press ? or * to list all spells.
You don't have enough magic to cast that spell.
The adder barely misses you. The adder bites you.
* * * LOW HITPOINT WARNING * * *
The adder looks more healthy.
Casting: Sting (safe; 5% risk of failure)
Confirm with . or Enter, or press ? or * to list all spells.
Aiming: Sting (safe; 5% risk of failure)
Press: ? - help, Shift-Dir - straight line, f/p - adder
Aim: an adder (heavily wounded, 30% to evade)
The sting misses the adder.
The sting hits the kobold.
The kobold is poisoned.
The kobold is severely wounded.
The adder closely misses you. The adder bites you.
You die...

#.# #...§§§##.##.#...#
#.###.###§###.).....####...
#.....# #.# #.>...........#
#####..## #.# ##.#....#### .#
.......# #.# #.###..# ##.#
#####.#####.# #.....†# #..
...##....##.# #####..# #.###
##.#####.##.########..####...## .
##.# ##...#.##..@SK.........!.#..
##.###...<..##.#####..###..†.....
#..............# #..# #.†...#..
#..###......#### #..# ##...##
#..# ##...#.# #..# #....... #..#
##.##.# #..# ##..##.. ...#
#.##.## #... ...# . ##.#
#.....#######.## ##.# ...#
####...<......# .#


You could see an adder and a kobold (poisoned).

Vanquished Creatures
  A gnoll (D:1)
  A dart slug (D:1)
  A leopard gecko (D:1)
  5 bats
  3 giant cockroaches
  2 goblins (D:1)
  4 hobgoblins
  5 jackals (D:2)
  5 kobolds
  A quokka (D:2)
  A ball python (D:1)
  2 frilled lizards (D:1)
  5 rats
36 creatures vanquished.

Notes
Turn   | Place    | Note
-------+----------+-------------------------------------------
     0 | D:1      | iamoutofideas the Octopode Venom Mage began the quest for
                  | the Orb.
     0 | D:1      | Reached XP level 1. HP: 11/11 MP: 3/3
   381 | D:1      | Reached XP level 2. HP: 17/17 MP: 3/5
   433 | D:1      | Reached skill level 4 in Poison Magic
   561 | D:1      | Reached XP level 3. HP: 18/21 MP: 3/6
  1706 | D:2      | Slain by an adder

Illustrated notes

Levels and vault maps discovered:
D:1:      dpeg_arrival_windows_large_door, layout_basic
D:2:      layout_loops_ring, chequers_ecumenical_altar_island

Skill      XL: |  1  2 |
---------------+-------+-----
Stealth        | 3 |  3.4
Poison Magic   | 4 |  4.1
Dodging        | |  2.4
Spellcasting   | |  2.4
Transmutations | |  1.7

Action                   || total
-------------------------++-------
Melee: Unarmed           ||    36
       Constrict         ||    15
       Tentacles         ||     4
       Short sword       ||    13
 Cast: Sting             ||    50
  Use: Scroll            ||     3
 Stab: Sleeping          ||     2
Armor: Skin              ||    14
Dodge: Dodged            ||    84

Table legend: (Time is in decaauts)
 A = Elapsed time spent in this place.
 B = Non-inter-level travel time spent in this place.
 C = Inter-level travel time spent in this place.
 D = Time resting spent in this place.
 E = Time spent auto-exploring this place.
 F = Levels seen in this place.
 G = Mean time per level.
                   A        B        C        D        E       F      G
               +--------+--------+--------+--------+--------+-----+--------+
         Total |   1706 |   1685 |     21 |    335 |   1082 |   2 |  853.0 |
       Dungeon |   1706 |   1685 |     21 |    335 |   1082 |   2 |  853.0 |
               +--------+--------+--------+--------+--------+-----+--------+

Top non-repeatable levels by time:
     D:1: 1225 daAuts
     D:2: 481 daAuts
